 Dungeon Crawl Stone Soup version 0.25-a0-246-g58704a1ebd (webtiles) character file.

Game seed: 6149046615840142703, levelgen mode: deterministic

57897 trivialoptimal the Carver (level 15, -5/122 HPs)
             Began as a Human Hunter on Dec 3, 2019.
             Was a High Priest of Okawaru.
             Slain by an 11-headed hydra (6 damage)
             ... on level 15 of the Dungeon.
             The game lasted 00:41:22 (26049 turns).

trivialoptimal the Carver (Human Hunter)           Turns: 26049, Time: 00:41:22

Health: -5/122     AC: 15    Str: 17    XL:     15   Next: 27%
Magic:  21/21      EV: 16    Int: 16    God:    Okawaru [*****.]
Gold:   1195       SH:  0    Dex: 16    Spells: 14/14 levels left

rFire    . . .     SeeInvis .   k - +9 great sword (freeze)
rCold    + + .     Gourm    .   (shield currently unavailable)
rNeg     . . .     Faith    .   R - +2 scale mail {rC+}
rPois    +         Spirit   .   W - +2 hat
rElec    .         Reflect  .   (no cloak)
rCorr    +         Harm     .   s - +0 pair of gloves "Riud" {rPois rCorr Str-4 Slay+6} (curse)
MR       +....                  L - +0 pair of boots
Stlth    ..........             a - amulet of regeneration
HPRegen  0.70/turn              i - +4 ring of strength
MPRegen  0.17/turn              V - +3 ring of dexterity

@: no status effects
A: blink, clever 1, cold resistance 1
a: Blink, Heroism, Finesse, Renounce Religion


You were on level 15 of the Dungeon.
You worshipped Okawaru.
Okawaru was extremely pleased with you.
You were not hungry.

You visited 3 branches of the dungeon, and saw 20 of its levels.
You also visited: Ossuary.

You collected 1389 gold pieces.
You spent 194 gold pieces at shops.

Inventory:

Hand Weapons
 k - a +9 great sword of freezing (weapon)
   (You took it off a wight on level 8 of the Dungeon)
Missiles
 d - a throwing net
 x - 68 poisoned darts
 H - 13 boomerangs
 M - 2 javelins (quivered)
 X - 5 boomerangs of dispersal
 Z - 6 curare-tipped darts
Armour
 h - the +0 hat "Kefewot" {rPois Str-3 Dex+8}
   (You acquired it on level 2 of the Lair of Beasts)

   It affects your strength (-3).
   It affects your dexterity (+8).
   It protects you from poison.
 j - a +0 helmet
   (You took it off Robin on level 2 of the Dungeon)
 s - the cursed +0 pair of gloves "Riud" (worn) {rPois rCorr Str-4 Slay+6}
   (You found it on level 12 of the Dungeon)

   It affects your strength (-4).
   It affects your accuracy and damage with ranged weapons and melee attacks
   (+6).
   It protects you from poison.
   It provides partial protection from all sources of acid and corrosion.
   It has a curse placed upon it.
 y - a +0 plate armour
   (You found it on level 4 of the Dungeon)
 L - a +0 pair of boots (worn)
   (You found it on level 8 of the Dungeon)
 P - a +0 hat of magic resistance
   (Okawaru gifted it to you on level 1 of the Lair of Beasts)
 R - a +2 scale mail of cold resistance (worn)
   (Okawaru gifted it to you on level 3 of the Lair of Beasts)
 W - a +2 hat (worn)
   (You found it on level 11 of the Dungeon)
Jewellery
 a - an amulet of regeneration (around neck)
   (You found it on level 1 of the Lair of Beasts)
 i - a +4 ring of strength (left hand)
   (You took it off an orc on level 12 of the Dungeon)
 K - an uncursed ring of see invisible
   (You found it on level 9 of the Dungeon)
 V - a +3 ring of dexterity (right hand)
   (You found it on level 11 of the Dungeon)
Wands
 u - a wand of polymorph (6)
   (You found it in an ossuary)
 B - a wand of flame (109)
   (You found it on level 5 of the Dungeon)
 E - a wand of enslavement (14)
   (You found it on level 5 of the Dungeon)
 G - a wand of acid (20)
   (You found it on level 9 of the Dungeon)
 N - a wand of iceblast (15)
   (You found it on level 1 of the Lair of Beasts)
 Y - a wand of disintegration (5)
   (You took it off a spriggan on level 11 of the Dungeon)
Scrolls
 b - 12 scrolls of remove curse
 l - 5 scrolls of teleportation
 m - 2 scrolls of fear
 n - a scroll of torment
 r - 4 scrolls of magic mapping
 t - 2 scrolls of blinking
 D - 5 scrolls of identify
 F - 4 scrolls of enchant armour
 O - 4 scrolls of immolation
 Q - a scroll of summoning
 T - a scroll of fog
Potions
 c - a potion of mutation
 e - a potion of brilliance
 g - 6 potions of curing
 o - 3 potions of resistance
 p - 3 potions of heal wounds
 q - 10 potions of flight
 v - 4 potions of cancellation
 w - 6 potions of lignification
 A - 3 potions of magic
 I - a potion of ambrosia
 J - 2 potions of agility
 U - 2 potions of berserk rage
Miscellaneous
 z - a phantom mirror
 S - a fan of gales
   (You found it on level 3 of the Lair of Beasts)
Comestibles
 f - 21 rations
 C - 7 chunks of flesh


   Skills:
 + Level 12.9 Fighting
   Level 7.1(11.2) Short Blades
 + Level 13.3(13.9) Long Blades
 - Level 6.2 Throwing
 + Level 9.7 Armour
 - Level 9.4 Dodging
 - Level 1.0 Stealth
 - Level 8.0 Invocations
 - Level 4.0 Evocations


You had 14 spell levels left.
You didn't know any spells.
Your spell library contained the following spells:

 Spells                   Type           Power        Failure   Level  Hunger
 Animate Skeleton         Necr           N/A          56%         1    ##.....
 Apportation              Tloc           #.....       56%         1    ##.....
 Beastly Appendage        Tmut           #.....       56%         1    ##.....
 Confusing Touch          Hex            #.....       56%         1    ##.....
 Summon Small Mammal      Summ           #...         56%         1    ##.....
 Sticks to Snakes         Tmut           #.......     71%         2    ###....
 Confuse                  Hex            #.......     90%         3    ####...
 Gell's Gravitas          Tloc           #.........   90%         3    ####...
 Spider Form              Tmut/Pois      #.........   90%         3    ####...
 Ice Form                 Ice/Tmut       #.......     100%        4    #####..
 Petrify                  Tmut/Erth      #.......     100%        4    #####..
 Blade Hands              Tmut           #.........   100%        5    ######.
 Metabolic Englaciation   Hex/Ice        #.........   100%        5    ######.
 Yara's Violent Unravell  Hex/Tmut       #.........   100%        5    ######.
 Freezing Cloud           Conj/Ice/Air   #.........   100%        6    #######
 Ozocubu's Refrigeration  Ice            #.........   100%        6    #######
 Simulacrum               Ice/Necr       #.........   100%        6    #######


Dungeon Overview and Level Annotations

Branches:
Dungeon (12/15)            Temple (1/1) D:6            Lair (6/6) D:8
 Shoals (0/4) Lair:3        Snake (0/4) Lair:2        Slime (0/5) Lair:5
    Orc (0/2) D:12        Ossuary (visited)

Altars:
Ashenzari
Cheibriados
Dithmenos
Elyvilon
Fedhas
Gozag
Hepliaklqana
Kikubaaqudgha
Makhleb
Nemelex Xobeh
Okawaru
Qazlal
Ru
Sif Muna
Trog
Uskayaw
Vehumet
Wu Jian
Xom
Yredelemnul
Zin
The Shining One
Jiyva

Shops:
D:8 ?   D:9 *

Annotations:
D:4 Prince Ribbit
D:11 1 runed translucent door
Lair:2 3 runed translucent doors, mcbry's ghost, journeyman HOFi
Lair:3 exclusion: oklob plant


Innate Abilities, Weirdness & Mutations

You can translocate small distances at will.
Your mind is acute. (Int +2)
Your flesh is cold resistant. (rC+)


Message History

A slime creature is nearby!
A slime creature is nearby!
The slime creature quivers. x2
The slime creature hits you.
You slash the slime creature! You freeze the slime creature.
The slime creature is moderately wounded.
The slime creature hits you.
Your scale mail prevents you from hitting the slime creature.
The slime creature is moderately wounded.
The slime creature hits you.
The slime creature quivers.
You hit the slime creature but do no damage.
The slime creature is moderately wounded.
The slime creature hits you.
You hit the slime creature but do no damage.
The slime creature is moderately wounded.
The slime creature hits you but does no damage.
There is an open door here.
Two slime creatures merge to form a large slime creature.
Two slime creatures merge to form a very large slime creature.
Two slime creatures merge to form an enormous slime creature.
Two slime creatures merge to form a titanic slime creature.
All of the chunks of flesh in your inventory have rotted away.
There is an open door here.
You close the door.
You start resting.
HP restored.
You open the door.
The slime creature quivers. x2
The slime creature quivers.
You hit the slime creature. You freeze the slime creature.
The slime creature is lightly wounded.
The slime creature hits you but does no damage.
Things that are here:
an uncursed staff of cold; a +2 robe of cold resistance The slime creature closely misses you.
There is an open door, spattered with blood here.
Two slime creatures merge to form a large slime creature.
Two slime creatures merge to form a very large slime creature.
There is a stone staircase leading up, spattered with blood here.
Unknown command.
A very large slime creature splits.
You climb upwards.
Level annotation: 1 runed translucent door
There is a stone staircase leading down here.
Unknown command.
Unknown command.
You gain the combat prowess of a mighty hero.
The large slime creature hits you.
The slime creature completely misses you.
You riposte.
You slice the slime creature!! You freeze the slime creature!
The slime creature is heavily wounded.
You slice the slime creature!! You freeze the slime creature!
The slime creature is almost dead.
The large slime creature misses you.
You hit the slime creature. You freeze the slime creature.
You kill the slime creature!
Okawaru accepts your kill.
The large slime creature completely misses you.
You hit the large slime creature. You freeze the large slime creature.
The large slime creature is lightly wounded.
You slash the large slime creature! You freeze the large slime creature.
The large slime creature is lightly wounded.
The large slime creature hits you but does no damage.
You slice the large slime creature!! You freeze the large slime creature.
The large slime creature is moderately wounded.
The large slime creature closely misses you.
You riposte.
You slice the large slime creature!! You freeze the large slime creature.
The large slime creature is heavily wounded.
You slash the large slime creature! You freeze the large slime creature.
The large slime creature is severely wounded.
The large slime creature closely misses you.
You slash the large slime creature! You freeze the large slime creature.
The large slime creature is severely wounded.
The large slime creature closely misses you.
You slash the large slime creature! You freeze the large slime creature.
The large slime creature is almost dead.
You hit the large slime creature. You freeze the large slime creature.
The large slime creature is almost dead.
The large slime creature hits you!
You slice the large slime creature!! You freeze the large slime creature.
You kill the large slime creature!
Okawaru accepts your kill.
No target in view!
You climb downwards.
There is a stone staircase leading up, spattered with blood here.
Unknown command.
You can't go down here!
You see here a +0 mace.
There is an open door here.
The slime creature quivers. x2
There is an open door here.
The slime creature misses you.
You riposte.
You slice the slime creature!! You freeze the slime creature.
The slime creature is heavily wounded.
You slice the slime creature!! You freeze the slime creature!
You kill the slime creature!
Okawaru accepts your kill.
The slime creature completely misses you.
You slice the slime creature!! You freeze the slime creature.
The slime creature is moderately wounded.
You chop the slime creature into pieces!!!
You freeze the slime creature!!
You kill the slime creature!
Okawaru accepts your kill.
No target in view!
No target in view!
HP restored.
There is an open door here.
There is a stone staircase leading up here.
You feel like a meek peon again.
You open the door.
Found 11 bolts.
There is an open door here.
You open the door.
There is an open door here.
You see here an arrow.
You see here an arrow.
You see here 2 arrows.
There is an open door here.
Things that are here:
18 arrows; a cursed -1 shortbow
Things that are here:
13 arrows; a +0 shortbow
There is an open door here.
You see here 15 bolts.
You enter the shallow water.
Moving in this stuff is going to be slow.
You enter the shallow water.
Moving in this stuff is going to be slow.
Key pressed, stopping explore.
You open the door.
You fall into a shaft and drop 3 floors!
The shaft crumbles and collapses.
A centaur comes into view.
The centaur shouts!
The centaur wields a +0 shortbow.
The centaur shoots an arrow.
The arrow completely misses you.
The centaur shoots an arrow.
The arrow hits you but does no damage.
Found a leather armour.
You see here an arrow.
The centaur unwields a +0 shortbow.
The centaur hits you but does no damage.
You slice the centaur!! You freeze the centaur.
You kill the centaur!
Okawaru accepts your kill.
A shadow comes into view.
The shadow slips into darkness.
The shadow flickers and vanishes!
Deactivating autopickup; reactivate with Ctrl-A.
Things that are here:
a +0 shortbow; 22 arrows; a centaur corpse You butcher the centaur corpse.
Items here: % ( ) ÷ a +0 shortbow; 22 arrows; 6 chunks of flesh; a centaur skeleton You're wearing all the rings you can.
Remove which one? (? for menu, Esc to cancel) < or
i - a +4 ring of strength; > or
V - a +3 ring of dexterity You remove your +3 ring of dexterity.
You feel clumsy.
Reactivating autopickup.
K - a ring of see invisible (right hand)
The wyvern hisses angrily.
The shadow hits you.
You hit the shadow.
The shadow is moderately damaged.
The shadow closely misses you.
You slice the shadow!!
You destroy the shadow!
Okawaru accepts your kill. The wyvern bites you.
Items here: % ( ) ÷ a +0 shortbow; 22 arrows; 6 chunks of flesh; a centaur skeleton You slash the wyvern!
You freeze the wyvern.
The wyvern is heavily wounded.
The wyvern closely misses you.
The wyvern bites you but does no damage.
Your scale mail prevents you from hitting the wyvern.
The wyvern is moderately wounded.
The wyvern bites you but does no damage.
You slash the wyvern! You freeze the wyvern.
You kill the wyvern!
Okawaru accepts your kill.
No target in view!
No target in view!
You're wearing all the rings you can.
Remove which one? (? for menu, Esc to cancel) < or
i - a +4 ring of strength; > or
K - a ring of see invisible You remove your ring of see invisible.
You feel agile.
V - a +3 ring of dexterity (right hand)
You see here a wyvern corpse.
You butcher the wyvern corpse.
C - 2 chunks of flesh You see here a wyvern skeleton.
C - 8 chunks of flesh (gained 6)
Things that are here:
a +0 shortbow; 22 arrows; a centaur skeleton Eating one of 8 chunks of flesh.
You eat one of the 8 chunks of flesh.
This raw flesh tastes terrible.
f - 21 rations (gained 1)
You open the door.
A wolf spider simulacrum comes into view.
The wolf spider simulacrum moves out of view.
Found 20 gold pieces.
An eight-headed hydra comes into view.
The eight-headed hydra roars!
There is an open door here.
You lop one of the eight-headed hydra's heads off!
The seven-headed hydra grows two more!
You slice the nine-headed hydra!! You freeze the nine-headed hydra!
The nine-headed hydra is moderately wounded.
The nine-headed hydra bites you but does no damage.
The nine-headed hydra closely misses you.
The nine-headed hydra misses you. The nine-headed hydra bites you.
The nine-headed hydra bites you but does no damage.
The nine-headed hydra bites you! x2
The nine-headed hydra bites you but does no damage. x2
You hack one of the nine-headed hydra's heads off!
The eight-headed hydra grows two more!
You slice the ten-headed hydra!! You freeze the ten-headed hydra.
The ten-headed hydra is severely wounded.
The ten-headed hydra bites you but does no damage.
The ten-headed hydra bites you. The ten-headed hydra barely misses you.
The ten-headed hydra closely misses you.
The ten-headed hydra bites you but does no damage.
The ten-headed hydra bites you.
The ten-headed hydra bites you but does no damage.
The ten-headed hydra closely misses you.
The ten-headed hydra bites you but does no damage.
The ten-headed hydra bites you.
You lop one of the ten-headed hydra's heads off!
The nine-headed hydra grows two more!
You hit the 11-headed hydra. You freeze the 11-headed hydra.
The 11-headed hydra is heavily wounded.
The 11-headed hydra bites you. The 11-headed hydra closely misses you.
The 11-headed hydra bites you. The 11-headed hydra misses you.
The 11-headed hydra bites you but does no damage.
The 11-headed hydra bites you! The 11-headed hydra misses you.
The 11-headed hydra bites you but does no damage. x2
The 11-headed hydra bites you. x2
Evoke which item? (* to show all) (? for menu, Esc to quit)
Aiming: Corrosive Bolt
Press: ? - help, Shift-Dir - straight line, f - 11-headed hydra
Aim: an 11-headed hydra (heavily wounded)
The 11-headed hydra barely misses you.
You riposte.
You slash the 11-headed hydra!
The 11-headed hydra seems to slow down.
You freeze the 11-headed hydra.
The 11-headed hydra is severely wounded.
The 11-headed hydra bites you.
The 11-headed hydra completely misses you. x2
The 11-headed hydra barely misses you. The 11-headed hydra bites you!
The 11-headed hydra misses you. The 11-headed hydra closely misses you.
The 11-headed hydra bites you but does no damage.
The 11-headed hydra closely misses you. x2
Unknown command.
Unknown command.
Evoke which item? (* to show all) (? for menu, Esc to quit)
Aiming: Corrosive Bolt
Press: ? - help, Shift-Dir - straight line, f - wolf spider simulacrum
Aim: a wolf spider simulacrum The bolt of acid misses the 11-headed hydra.
The bolt of acid hits the wolf spider simulacrum!
The wolf spider simulacrum is splashed with acid.
The acid corrodes the wolf spider simulacrum!
The wolf spider simulacrum is heavily damaged.
The 11-headed hydra bites you but does no damage.
The 11-headed hydra bites you.
The 11-headed hydra bites you but does no damage.
The 11-headed hydra bites you! The 11-headed hydra bites you.
The 11-headed hydra completely misses you.
The 11-headed hydra closely misses you. The 11-headed hydra misses you.
The 11-headed hydra bites you!
* * * LOW HITPOINT WARNING * * *
The 11-headed hydra bites you.
* * * LOW HITPOINT WARNING * * *
The 11-headed hydra bites you!
* * * LOW HITPOINT WARNING * * *
An ogre mage comes into view.
It is wielding a +0 halberd of protection.
Unknown command.
Evoke which item? (* to show all) (? for menu, Esc to quit)
Aiming: Corrosive Bolt
Press: ? - help, Shift-Dir - straight line, f/p - wolf spider simulacrum
Aim: a wolf spider simulacrum (heavily damaged, covered in acid)
The bolt of acid hits the 11-headed hydra!
The 11-headed hydra is splashed with acid.
The 11-headed hydra is almost dead.
The bolt of acid misses the wolf spider simulacrum.
The 11-headed hydra barely misses you. The 11-headed hydra bites you!
* * * LOW HITPOINT WARNING * * *
The 11-headed hydra bites you but does no damage.
The 11-headed hydra bites you!
* * * LOW HITPOINT WARNING * * *
The 11-headed hydra completely misses you.
The 11-headed hydra bites you but does no damage.
The 11-headed hydra misses you.
The 11-headed hydra bites you but does no damage.
The 11-headed hydra misses you. The 11-headed hydra bites you.
You die...

##################
...###..........(.....###
#.............(.........
#.####.#######.##.##....
#.#P...P#)#....# .
########.#.#+#.#÷.##.#..
.......#.#Z#$#.#.## #. .#
#........#D###.#.[ .# .#
.........#P@..P#... # #
#........###'###.###
#................#
#..≈.....#.###O##.#
#.........#.# ...#
#........#### ###
.........# ......≈.#
.....§§..


You could see a 11-headed hydra, an ogre mage and a wolf spider simulacrum.

Vanquished Creatures
  Azrael (D:12)
  Fannar (D:12)
  5 hydras
  Harold (D:7)
  2 catoblepae (Lair:6)
  5 two-headed ogres
  5 death yaks (Lair:6)
  A deep troll shaman (Lair:6)
  A sea snake (Lair:6)
  A deep elf mage (D:12)
  4 ugly things (D:11)
  A cyclops (D:11)
  17 elephants
  5 black mambas
  A centaur zombie (D:8)
  2 merfolk sirens (Lair:3)
  A torpor snail (Lair:6)
  A gargoyle (D:12)
  10 spiny frogs
  2 rime drakes (Lair:1)
  5 komodo dragons
  3 polar bears
  2 trolls
  A hornet (D:12)
  2 merfolk (Lair:3)
  8 blink frogs
  11 slime creatures
  3 dream sheep (Lair:6)
  6 hippogriffs
  2 shadows
  A spriggan (D:11)
  33 yaks
  2 hogs (D:7)
  5 wyverns
  A human (D:7)
  2 basilisks
  2 hungry ghosts (D:11)
  3 fire elementals (D:12)
  2 wargs (D:8)
  Menkaure (D:5)
  2 acid dragons (D:11)
  4 hell hounds (D:12)
  13 water moccasins
  Duvessa (D:7)
  A soldier ant (D:11)
  4 porcupines
  6 orc warriors
  3 sky beasts
  A black bear (D:8)
  An eye of draining (D:9)
  3 ice beasts
  5 ogres
  28 wolves
  9 centaurs
  A necrophage (D:11)
  A big kobold (D:10)
  15 crocodiles
  2 elf zombies (Ossuary)
  10 bullfrogs
  A gnoll sergeant (D:9)
  Dowan (D:7)
  3 scorpions
  9 wights
  A howler monkey (D:9)
  4 electric eels
  2 crimson imps (D:11)
  2 quasits
  A bullfrog zombie (D:5)
  6 centaur skeletons
  6 hounds
  6 orc priests
  A bullfrog skeleton (D:9)
  2 jellies
  3 iguanas
  9 orc wizards
  12 worker ants
  A centaur simulacrum (D:12)
  2 big kobold zombies (Ossuary)
  A hound skeleton (D:6)
  2 hound zombies
  4 mummies (Ossuary)
  2 worker ant zombies
  Robin (D:2)
  4 gnolls (D:9)
  19 adders
  A howler monkey skeleton (D:5)
  4 white imps (D:12)
  2 adder zombies (Ossuary)
  An ooze (D:3)
  2 worms (D:3)
  2 dart slugs
  5 leopard geckos
  57 orcs
  4 bats
  6 giant cockroaches
  16 goblins
  9 hobgoblins
  29 jackals
  9 quokkas
  5 ball pythons
  4 frilled lizards
  A goblin zombie (Ossuary)
  A jackal skeleton (D:4)
  15 kobolds
  2 kobold zombies (Ossuary)
  A quokka skeleton (D:6)
  A quokka zombie (D:7)
  10 rats
  A rat zombie (Ossuary)
565 creatures vanquished.

Vanquished Creatures (others)
  A hog (D:7)
  A steam dragon (D:8)
  A water moccasin (D:8)
  A phantom (D:4)
  A wyvern zombie (D:8)
  A human zombie (Ossuary)
  2 jellies
  A bullfrog skeleton (D:6)
  An orc wizard (D:8)
  A worm (D:3)
  A dart slug (D:4)
  2 orcs
  4 fungi
  2 plants
20 creatures vanquished.

Grand Total: 585 creatures vanquished

Notes
Turn   | Place    | Note
-------+----------+-------------------------------------------
     0 | D:1      | trivialoptimal the Human Hunter began the quest for the
                  | Orb.
     0 | D:1      | Reached XP level 1. HP: 16/16 MP: 1/1
   183 | D:1      | Reached XP level 2. HP: 23/23 MP: 2/2
   669 | D:1      | Reached XP level 3. HP: 18/29 MP: 3/3
  1273 | D:2      | Noticed Robin
  1290 | D:2      | Killed Robin
  1290 | D:2      | Reached XP level 4. HP: 22/37 MP: 4/4
  1842 | D:2      | Reached XP level 5. HP: 41/42 MP: 5/5
  3827 | D:3      | Reached XP level 6. HP: 47/49 MP: 6/6
  3960 | D:4      | Found a sand-covered staircase.
  3965 | Ossuary  | Entered an ossuary
  4064 | Ossuary  | Reached skill level 5 in Fighting
  4064 | Ossuary  | Reached skill level 5 in Throwing
  4072 | Ossuary  | Reached XP level 7. HP: 21/56 MP: 7/7
  5129 | D:5      | Entered Level 5 of the Dungeon
  5258 | D:5      | Noticed Prince Ribbit
  5262 | D:5      | Noticed Prince Ribbit
  5262 | D:5      | Prince Ribbit changed into Prince Ribbit the crocodile
  5550 | D:5      | Noticed Menkaure
  5556 | D:5      | Killed Menkaure
  5556 | D:5      | Reached XP level 8. HP: 14/64 MP: 8/8
  6298 | D:5      | Reached skill level 1 in Short Blades
  6298 | D:5      | Reached skill level 1 in Evocations
  7419 | D:6      | Found a staircase to the Ecumenical Temple.
  7469 | Temple   | Entered the Ecumenical Temple
  7786 | Temple   | Became a worshipper of Warmaster Okawaru
  8063 | D:6      | Found a burning altar of Makhleb.
  8257 | D:6      | Reached skill level 1 in Armour
  8257 | D:6      | Reached skill level 1 in Invocations
  8601 | D:7      | Noticed Harold
  8776 | D:7      | Killed Harold
  8776 | D:7      | Reached * piety under Okawaru
  8776 | D:7      | Reached skill level 5 in Short Blades
  8776 | D:7      | Reached XP level 9. HP: 28/69 MP: 9/11
  9119 | D:7      | Found a hide-covered altar of Uskayaw.
  9119 | D:7      | Found a shadowy altar of Dithmenos.
  9142 | D:7      | Noticed Duvessa
  9149 | D:7      | Noticed Dowan
  9161 | D:7      | Killed Duvessa
  9162 | D:7      | Killed Dowan
  9572 | D:7      | Found a basalt altar of Yredelemnul.
  9745 | D:7      | Reached ** piety under Okawaru
  9753 | D:7      | Reached skill level 5 in Armour
  9753 | D:7      | Reached XP level 10. HP: 54/76 MP: 13/13
 10288 | D:8      | Found Yxymp's Magic Scroll Emporium.
 10309 | D:8      | Bought a scroll of enchant weapon for 97 gold pieces
 10309 | D:8      | Bought a scroll of enchant armour for 97 gold pieces
 10486 | D:8      | Found a staircase to the Lair.
 10665 | D:8      | Reached *** piety under Okawaru
 10749 | D:8      | Gained mutation: You are occasionally teleported next to
                  | monsters. [mutagenic glow]
 11152 | D:8      | Reached skill level 1 in Long Blades
 11374 | D:9      | Found an ancient bone altar of Kikubaaqudgha.
 11400 | D:9      | Found an opulent altar of Gozag.
 11404 | D:9      | Found Gozag's Platinum Reserve.
 11752 | D:9      | Reached skill level 2 in Long Blades
 11796 | D:9      | Reached **** piety under Okawaru
 11818 | D:9      | Reached XP level 11. HP: 28/86 MP: 14/14
 11974 | D:9      | Reached skill level 3 in Long Blades
 13099 | Lair:1   | Entered Level 1 of the Lair of Beasts
 13353 | D:8      | Reached skill level 4 in Long Blades
 13607 | D:8      | Reached skill level 5 in Long Blades
 13608 | D:8      | Reached skill level 5 in Invocations
 14631 | Lair:1   | Reached skill level 6 in Long Blades
 14723 | Lair:1   | Reached ***** piety under Okawaru
 14752 | Lair:1   | Found a glowing silver altar of Zin.
 14923 | Lair:1   | Received a gift from Okawaru
 15116 | Lair:1   | Reached skill level 7 in Long Blades
 15421 | Lair:2   | Noticed mcbry's ghost (journeyman HOFi)
 15430 | Lair:2   | Reached XP level 12. HP: 65/92 MP: 17/17
 15498 | Lair:2   | You fall into a shaft and drop 1 floor!
 15694 | Lair:3   | Reached skill level 8 in Long Blades
 15959 | Lair:2   | Found a runed translucent gate.
 15959 | Lair:2   | Found a runed translucent gate.
 15959 | Lair:2   | Found a runed translucent gate.
 16155 | Lair:2   | Reached skill level 9 in Long Blades
 16638 | Lair:2   | Identified a scroll of acquirement
 16640 | Lair:2   | Got a pitted hat
 16651 | Lair:2   | Identified the +0 hat "Kefewot" {rPois Str-3 Dex+8} (You
                  | acquired it on level 2 of the Lair of Beasts)
 16739 | Lair:2   | Found a staircase to the Snake Pit.
 17103 | Lair:3   | Found a staircase to the Shoals.
 17131 | Lair:3   | Reached skill level 5 in Dodging
 17452 | Lair:3   | Reached skill level 10 in Long Blades
 17455 | Lair:3   | Received a gift from Okawaru
 17455 | Lair:3   | Reached XP level 13. HP: 82/101 MP: 19/19
 18961 | Lair:5   | Reached skill level 10 in Fighting
 19131 | Lair:5   | Found a staircase to the Slime Pits.
 19132 | Lair:5   | Found a viscous altar of Jiyva.
 19132 | Lair:5   | Noticed a six-headed hydra
 19142 | Lair:5   | Killed a ten-headed hydra
 19231 | Lair:5   | Noticed a five-headed hydra
 19242 | Lair:5   | Killed an eight-headed hydra
 19562 | Lair:5   | Reached skill level 11 in Long Blades
 19581 | Lair:5   | Found the +8 whip "Snakebite" {curare, rPois}
 19884 | Lair:6   | Entered Level 6 of the Lair of Beasts
 20012 | Lair:6   | Received a gift from Okawaru
 20119 | Lair:6   | Lost mutation: You are occasionally teleported next to
                  | monsters. [potion of mutation]
 20119 | Lair:6   | Gained mutation: You can translocate small distances at
                  | will. [potion of mutation]
 20119 | Lair:6   | Gained mutation: Your mind is acute. (Int +2) [potion of
                  | mutation]
 20119 | Lair:6   | Gained mutation: Your flesh is cold resistant. (rC+)
                  | [potion of mutation]
 20157 | Lair:6   | Noticed a catoblepas
 20177 | Lair:6   | Killed a catoblepas
 20464 | Lair:6   | Reached XP level 14. HP: 73/113 MP: 20/20
 20902 | Lair:6   | Reached skill level 12 in Long Blades
 20919 | Lair:6   | Noticed Nessos
 20922 | Lair:6   | Noticed Nessos
 20922 | Lair:6   | Nessos changed into Nessos the sea snake
 20945 | Lair:6   | Killed Nessos the sea snake
 21167 | Lair:6   | Received a gift from Okawaru
 21273 | Lair:6   | Reached ****** piety under Okawaru
 21581 | Lair:6   | Received a gift from Okawaru
 21984 | D:10     | Entered Level 10 of the Dungeon
 22326 | D:10     | Found a glowing silver altar of Zin.
 23103 | D:11     | Got a ruby-encrusted ring mail
 23144 | D:11     | Identified the cursed +0 ring mail "Cilaxtepn" {-Cast rC+
                  | Int+6 Dex-5} (You found it on level 11 of the Dungeon)
 23636 | D:11     | Reached skill level 13 in Long Blades
 23765 | D:11     | Found a runed translucent door.
 23791 | D:11     | Noticed Sonja
 23792 | D:11     | Noticed Sonja
 23792 | D:11     | Sonja changed into Sonja the spriggan
 23798 | D:11     | Killed Sonja the spriggan
 24178 | D:12     | Received a gift from Okawaru
 24390 | D:12     | Noticed Azrael
 24404 | D:12     | Reached XP level 15. HP: 84/122 MP: 21/21
 24416 | D:12     | Killed Azrael
 24427 | D:12     | HP: 6/122 [fire elemental[Azrael] (10)]
 24638 | D:12     | Found a staircase to the Orcish Mines.
 25487 | D:12     | Identified the cursed +0 pair of gloves "Riud" {rPois rCorr
                  | Str-4 Slay+6} (You found it on level 12 of the Dungeon)
 25668 | D:12     | Noticed Fannar
 25765 | D:12     | Killed Fannar
 25994 | D:12     | You fall into a shaft and drop 3 floors!
 25994 | D:15     | Entered Level 15 of the Dungeon
 26049 | D:15     | HP: 1/122 [11-headed hydra (9)]
 26049 | D:15     | Slain by an 11-headed hydra

Levels and vault maps discovered:
D:1:      dpeg_arrival_concentric_ovals, layout_basic
D:2:      layout_loops_ring, uniq_robin
D:3:      layout_loops_corners
D:4:      layout_loops_ring, lightli_ossuary_entry_decrepit_ruins, first_ration
D:5:      layout_loops_ring, uniq_prince_ribbit1, uniq_menkaure
D:6:      layout_basic, bloody_makhleb, minmay_temple_entry_mist
D:7:      layout_loops_ring, gammafunk_temple_overflow_wave, grunt_livestock,
          yredelemnul_altar_generic, uniq_duvessa, uniq_harold
D:8:      layout_basic, erik_lair_orcish_takeover, serial_shops, shop
D:9:      layout_roguey, kennysheep_mini, grunt_ministairs_9,
          nicolae_gozag_zags_fifth_avenue
D:10:     layout_irregular_city, basic_altar, kennysheep_boxes
D:11:     cheibrodos_fzero, layout_loops_ring, st_stairs_5, minivault_13,
          uniq_sonja
D:12:     layout_gridville, david_orc_2, serial_ice, serial_ice_n, serial_ice_a,
          serial_ice_o, serial_ice_j, uniq_fannar, uniq_azrael
D:15:     gammafunk_depths_entry_grave, layout_basic, serial_rivers,
          chequers_serial_rivers_large_a, chequers_serial_rivers_small_a,
          chequers_serial_rivers_large_b, chequers_serial_rivers_micro_e,
          chequers_serial_rivers_micro_b, chequers_serial_rivers_small_a,
          serial_bayou_shore_b, minmay_shattered_shrine
Temple:   hc_temple_tempest_star
Lair:1:   layout_gridlike, basic_altar, grunt_forest_large_clearings,
          infiniplex_staircase_pool, serial_bayou_shore_b
Lair:2:   layout_cave_pods, dummy_snake_entry, gammafunk_ghost_split,
          infiniplex_staircase_pool_2, grunt_megastairs_2
Lair:3:   layout_regular_city, elwin_shoals_entry_stream
Lair:4:   layout_regular_city
Lair:5:   minmay_guarded_unrand_snakebite, layout_regular_city, slime_altar_1
Lair:6:   grunt_lair_end_beastmaster, layout_regular_city,
          chequers_serial_rivers_small_3, uniq_nessos

Skill      XL: |  1  2  3  4  5  6  7  8  9 10 11 12 13 14 15 |
---------------+----------------------------------------------+-----
Fighting       | 3 4 5 6 8 9 11 12 | 12.9
Dodging        | 3 4 5 8 9 |  9.4
Throwing       | 5 6 |  6.2
Short Blades   | 5 6 7 |  7.1
Evocations     | 3 4 |  4.0
Armour         | 3 5 7 8 9 |  9.7
Invocations    | 3 7 8 |  8.0
Long Blades    | 2 7 10 11 13 | 13.3
Stealth        | |  1.0

Action                   |  1- 3 |  4- 6 |  7- 9 | 10-12 | 13-15 || total
-------------------------+-------+-------+-------+-------+-------++-------
Melee: Short sword       |    77 |   284 |   216 |   136 |       ||   713
       Great sword       |       |       |       |   419 |   636 ||  1055
Throw: Javelin           |    11 |    19 |    20 |     5 |       ||    55
       Throwing net      |       |     1 |     1 |     1 |       ||     3
       Stone             |       |       |    45 |       |       ||    45
Invok: Heroism           |       |       |       |     5 |     4 ||     9
       Finesse           |       |       |       |       |     2 ||     2
Evoke: Wand              |       |       |    10 |     1 |    16 ||    27
  Use: Potion            |       |     1 |     2 |     6 |     9 ||    18
       Scroll            |       |       |    14 |    13 |     6 ||    33
 Stab: Sleeping          |     1 |     5 |       |       |       ||     6
  Eat: Chunk             |     1 |     9 |     9 |    21 |    25 ||    65
       Ration            |       |       |     3 |     1 |     2 ||     6
Armor: Leather armour    |    19 |    73 |       |       |       ||    92
       Ring mail         |       |    28 |    33 |       |       ||    61
       Plate armour      |       |       |     4 |       |     1 ||     5
       Chain mail        |       |       |    12 |   477 |       ||   489
       Scale mail        |       |       |       |       |   281 ||   281
Dodge: Dodged            |    43 |   198 |    69 |   298 |   519 ||  1127
Block: Large shield      |       |       |    79 |    57 |       ||   136
       Rpst.: Great sword |       |       |       |    85 |   125 ||   210

Table legend:
 A = Non-vault XP
 B = Vault XP
 C = Vault XP percentage of total XP
 D = Non-vault monster count
 E = Vault monster count
 F = Vault count percentage of total count
                 A         B        C        D         E       F
            +---------+---------+-------+---------+---------+-------
      Total |   54829 |   27881 |  33.7 |     436 |     143 |  24.7
            +---------+---------+-------+---------+---------+-------
        D:1 |      46 |       0 |   0.0 |      25 |       0 |   0.0
        D:2 |      67 |      37 |  35.6 |      31 |      12 |  27.9
        D:3 |     131 |       0 |   0.0 |      34 |       0 |   0.0
        D:4 |     256 |       0 |   0.0 |      14 |       0 |   0.0
        D:5 |     335 |     172 |  33.9 |      10 |       1 |   9.1
        D:6 |     532 |       0 |   0.0 |      29 |       0 |   0.0
        D:7 |     237 |    1928 |  89.1 |       3 |       7 |  70.0
        D:8 |    2616 |    1972 |  43.0 |      41 |      19 |  31.7
        D:9 |    1969 |       0 |   0.0 |      30 |       0 |   0.0
       D:10 |    1685 |       0 |   0.0 |      27 |       0 |   0.0
       D:11 |    9390 |    3675 |  28.1 |      38 |      17 |  30.9
       D:12 |    5915 |    4245 |  41.8 |      36 |      25 |  41.0
       D:15 |     343 |     193 |  36.0 |       2 |       1 |  33.3
     Lair:1 |    2623 |    1777 |  40.4 |      14 |      13 |  48.1
     Lair:2 |    4451 |     103 |   2.3 |      18 |       1 |   5.3
     Lair:3 |    7551 |    1471 |  16.3 |      30 |       4 |  11.8
     Lair:4 |    2490 |       0 |   0.0 |      13 |       0 |   0.0
     Lair:5 |    5256 |    1077 |  17.0 |      15 |       8 |  34.8
     Lair:6 |    8936 |   10842 |  54.8 |      26 |      19 |  42.2
    Ossuary |       0 |     389 | 100.0 |       0 |      16 | 100.0
            +---------+---------+-------+---------+---------+-------
